[Event "Titled Tuesday Blitz March 01 Early 2022"]
[White "Barbashin, Igor"]
[Black "Rodchenkov, Sergey D."]
[WhiteFideId "4155718"]
[BlackFideId "4168712"]
[WhiteElo "2138"]
[BlackElo "2306"]
[Result "0-1"]
[Round "10"]
[TimeControl "180+1"]
[Date "2022.03.01"]
[WhiteClock "0:00:02"]
[BlackClock "0:00:34"]

1. d4 Nf6 2. c4 e6 3. Nc3 Bb4 4. Nf3 O-O 5. g3 d5 6. Qb3 a5 7. Bg2 c6 8. O-O Nbd7 9. a3 Be7 10. Rd1 b6 11. Ne5 Nxe5 12. dxe5 Nd7 13. cxd5 cxd5 14. e4 Nc5 15. Qc2 d4 16. Be3 d3 17. Qb1 Qc7 18. b4 Nd7 19. Rxd3 Nxe5 20. Bf4 Bf6 21. Nb5 Qc4 22. Bxe5 Bxe5 23. Nd6 Qc7 24. Nxc8 Bxa1 25. Nd6 Be5 26. Nb5 Qc4 27. Nd6 Qc6 0-1


[Site "https://www.chess.com"]

[Event "Titled Tuesday Blitz March 01 Early 2022"]
[White "Belyakov, Bogdan"]
[Black "Hakemi, Arman"]
[WhiteFideId "24104795"]
[BlackFideId "22520805"]
[WhiteElo "2407"]
[BlackElo "2208"]
[Result "1-0"]
[Round "10"]
[TimeControl "180+1"]
[Date "2022.03.01"]
[WhiteClock "0:01:32"]
[BlackClock "0:00:34"]

1. e4 c5 2. c3 Nf6 3. e5 Nd5 4. d4 cxd4 5. cxd4 d6 6. Nf3 Nc6 7. Bc4 dxe5 8. dxe5 Ndb4 9. Qb3 e6 10. O-O Na5 11. Qa4+ Bd7 12. Bb5 Bxb5 13. Qxb5+ Nac6 14. Nc3 Qd3 15. Qxb7 Rb8 16. Qc7 Qd7 17. Qxd7+ Kxd7 18. Rd1+ Kc7 19. Ng5 Nd8 20. Bf4 h6 21. Nge4 Ndc6 22. Rac1 Be7 23. a3 Na6 24. b4 g5 25. Bg3 h5 26. h3 h4 27. Bh2 Rhd8 28. b5 Rxd1+ 29. Rxd1 Nc5 30. Nxc5 Bxc5 31. bxc6 Rb2 32. Ne4 Bb6 33. Kf1 Kxc6 34. Bg1 Rb5 35. Nxg5 Rxe5 36. Nxf7 Ra5 37. f3 Rxa3 38. Ne5+ Kb5 39. Rb1+ Ka6 40. Bxb6 axb6 41. Rxb6+ 1-0


[Site "https://www.chess.com"]

[Event "Titled Tuesday Blitz March 01 Early 2022"]
[White "Bilych, Olexiy"]
[Black "Mirzoev, Azer"]
[WhiteFideId "14156504"]
[BlackFideId "13400304"]
[WhiteElo "2195"]
[BlackElo "2525"]
[Result "0-1"]
[Round "10"]
[TimeControl "180+1"]
[Date "2022.03.01"]
[WhiteClock "0:00:04"]
[BlackClock "0:00:30"]

1. d4 d5 2. c4 c6 3. Nf3 Nf6 4. Nc3 dxc4 5. e4 b5 6. Be2 e6 7. O-O Bb7 8. b3 b4 9. e5 bxc3 10. exf6 gxf6 11. bxc4 c5 12. Qb3 Qb6 13. Qxc3 cxd4 14. Nxd4 Bb4 15. Qd3 Nd7 16. Be3 Ne5 17. Qc2 Rg8 18. f3 Bc5 19. Rfd1 Bxf3 20. Nxf3 Bxe3+ 21. Kf1 Ng4 22. Qe4 Rc8 23. Qxh7 Ke7 24. c5 Qxc5 25. Qe4 f5 26. Qb7+ Rc7 27. Qb5 Qxb5 28. Bxb5 Bb6 29. Ke2 Ne3 30. Rdc1 Rxg2+ 31. Kd3 Rxc1 32. Rxc1 Nd5 33. Ne5 Rxh2 34. Nc6+ Kf6 35. a4 Nf4+ 36. Kc4 a5 37. Rf1 Nd5 38. Kd3 Rh3+ 39. Kc2 Ne3+ 0-1


[Site "https://www.chess.com"]

[Event "Titled Tuesday Blitz March 01 Early 2022"]
[White "Bintang, Rasyid A. Hidayat"]
[Black "Vusatiuk, Vladimir"]
[WhiteFideId "7105355"]
[BlackFideId "14118610"]
[WhiteElo "2358"]
[BlackElo "2157"]
[Result "1-0"]
[Round "10"]
[TimeControl "180+1"]
[Date "2022.03.01"]
[WhiteClock "0:00:21"]
[BlackClock "0:00:07"]

1. d4 Nf6 2. Bf4 c5 3. d5 b5 4. f3 d6 5. e4 a6 6. a4 b4 7. Nd2 g6 8. Nc4 Bg7 9. Bd3 a5 10. Rb1 Ba6 11. Nd2 Bxd3 12. cxd3 Nfd7 13. Ne2 O-O 14. O-O Ne5 15. Bxe5 Bxe5 16. Nc4 Bg7 17. f4 Nd7 18. Ng3 Qc7 19. h4 e6 20. f5 exd5 21. exd5 Nf6 22. Qf3 Rad8 23. h5 Qb7 24. Ne4 Nxd5 25. f6 Bh6 26. Nexd6 Qc6 27. Ne4 Nf4 28. Ne5 Qd5 29. Ng4 Qxh5 30. Nxh6+ Qxh6 31. Qxf4 Qxf4 32. Rxf4 Rxd3 33. Nxc5 Rd2 34. Rf2 Rd5 35. Ne4 Re8 36. Nd2 h5 37. Nc4 Re4 38. b3 g5 39. Rf3 Kh7 40. Rbf1 Kg6 41. Re3 Rxe3 42. Nxe3 Rd3 43. Nc4 Rxb3 44. Ne5+ Kh7 45. Nxf7 Kg8 46. Nxg5 Re3 47. f7+ Kf8 48. Nh7+ Kg7 49. f8=Q+ Kxh7 50. Rf7+ Kg6 51. Qg7# 1-0


[Site "https://www.chess.com"]

[Event "Titled Tuesday Blitz March 01 Early 2022"]
[White "Bortnyk, Olexandr"]
[Black "Demchenko, Anton"]
[WhiteFideId "14120828"]
[BlackFideId "4160258"]
[WhiteElo "2723"]
[BlackElo "2539"]
[Result "1-0"]
[Round "10"]
[TimeControl "180+1"]
[Date "2022.03.01"]
[WhiteClock "0:00:01"]
[BlackClock "0:00:07"]

1. e4 e5 2. Bc4 Nf6 3. d3 Nc6 4. Nc3 Bb4 5. Bd2 Na5 6. Nge2 c6 7. O-O O-O 8. a3 Nxc4 9. dxc4 Be7 10. Bg5 d6 11. Qd3 h6 12. Bh4 g5 13. Bg3 Nh5 14. Rad1 Be6 15. c5 Nxg3 16. Qxg3 Qc7 17. cxd6 Bxd6 18. Qf3 Rfd8 19. Ng3 Bf8 20. Nf5 Rxd1 21. Nxd1 Qb6 22. h4 gxh4 23. Qg4+ Kh7 24. Nde3 Qxb2 25. Qxh4 Qxa3 26. Rd1 Qb4 27. Ng4 Bxf5 28. exf5 Qf4 29. Qh5 Kg8 30. Rd7 1-0


[Site "https://www.chess.com"]

[Event "Titled Tuesday Blitz March 01 Early 2022"]
[White "Brodowski, Piotr"]
[Black "Budrewicz, Krzysztof"]
[WhiteFideId "1124480"]
[BlackFideId "1127950"]
[WhiteElo "2422"]
[BlackElo "2248"]
[Result "1-0"]
[Round "10"]
[TimeControl "180+1"]
[Date "2022.03.01"]
[WhiteClock "0:00:16"]
[BlackClock "0:00:16"]

1. e4 c5 2. Nf3 e6 3. b3 Nc6 4. Bb2 Nf6 5. e5 Nd5 6. c4 Nde7 7. Nc3 Nf5 8. Ne4 d5 9. exd6 Nxd6 10. Nxd6+ Qxd6 11. Qe2 f6 12. O-O-O Kf7 13. d4 cxd4 14. Nxd4 Nxd4 15. Rxd4 Qc7 16. Qh5+ g6 17. Qf3 e5 18. Rd5 Bh6+ 19. Kb1 Bf5+ 20. Bd3 Bxd3+ 21. Qxd3 Rhd8 22. Rd1 Rxd5 23. Qxd5+ Kg7 24. Qd7+ Qxd7 25. Rxd7+ Kg8 26. Rxb7 a5 27. Kc2 a4 28. b4 a3 29. Bc3 Bf8 30. c5 Rd8 31. c6 Rc8 32. b5 Bc5 33. f3 h5 34. Ba5 Kf8 35. Kb3 f5 36. Kc4 Bg1 37. Kd5 Bxh2 38. Bb4+ Kg8 39. b6 e4 40. fxe4 fxe4 41. c7 e3 42. Ra7 Re8 43. Rxa3 e2 44. Be1 Kf7 45. Rc3 Re5+ 46. Kc6 Re6+ 47. Kb7 Re7 48. Ka8 Bxc7 49. bxc7 1-0


[Site "https://www.chess.com"]

[Event "Titled Tuesday Blitz March 01 Early 2022"]
[White "Bryakin, Mikhail"]
[Black "Zavgorodniy, Sergiy"]
[WhiteFideId "4165314"]
[BlackFideId "14110148"]
[WhiteElo "2421"]
[BlackElo "2420"]
[Result "0-1"]
[Round "10"]
[TimeControl "180+1"]
[Date "2022.03.01"]
[WhiteClock "0:00:10"]
[BlackClock "0:00:23"]

1. e4 e5 2. d4 exd4 3. Qxd4 Nc6 4. Qd3 Nf6 5. Nc3 Bb4 6. Bd2 O-O 7. O-O-O Re8 8. f3 d6 9. Bg5 h6 10. Bh4 Ne5 11. Qd4 c5 12. Qxd6 Qa5 13. Nge2 Nc4 14. Qd3 Be6 15. Bxf6 gxf6 16. Kb1 Rad8 17. Nd5 Bxd5 18. exd5 Ne3 19. c3 Rxd5 20. Qxd5 Nxd5 21. Rxd5 Rd8 22. cxb4 Qc7 23. Rxd8+ Qxd8 24. Nc1 Qd1 25. bxc5 a5 26. a3 a4 27. h4 Kf8 28. h5 f5 29. f4 Kg7 30. Rg1 Qe1 31. g4 Qf2 32. Rh1 fxg4 33. Bd3 g3 34. Ne2 Qf3 35. Rd1 g2 36. Kc2 Qxh5 37. Rg1 Qxc5+ 38. Kd2 Qf2 39. Be4 Kf8 40. Rxg2 Qb6 41. Kc2 Qe3 42. Bd3 h5 43. Rh2 Qf3 44. f5 Kg7 45. Nd4 Qf4 46. Rg2+ Kf6 47. Ne2 Qe5 48. Nc3 h4 49. Ne4+ Ke7 50. f6+ Kd8 51. Rg8+ Kc7 52. Rg7 Qe6 53. Ng5 Qb3+ 54. Kd2 Qxb2+ 55. Ke3 Qe5+ 56. Kd2 Kb8 57. Ne4 h3 58. Rxf7 Qf4+ 59. Kc3 h2 60. Rh7 Qc1+ 61. Kd4 h1=Q 62. Rxh1 Qxh1 63. Bc4 Qa1+ 64. Kc5 Qxa3+ 65. Kd5 Qb4 66. Kd4 a3 67. Nc3 b5 68. Nxb5 a2 69. f7 a1=Q+ 0-1


[Site "https://www.chess.com"]

[Event "Titled Tuesday Blitz March 01 Early 2022"]
[White "Buscar, Michael"]
[Black "Araujo Filho, Luiz Antonio Coel"]
[WhiteFideId "2603616"]
[BlackFideId "2130661"]
[WhiteElo "2010"]
[BlackElo "2176"]
[Result "0-1"]
[Round "10"]
[TimeControl "180+1"]
[Date "2022.03.01"]
[WhiteClock "0:00:15"]
[BlackClock "0:00:17"]

1. c4 f5 2. g3 Nf6 3. Bg2 g6 4. Nh3 Bg7 5. Nf4 O-O 6. h4 e5 7. Nd5 c6 8. Nxf6+ Bxf6 9. h5 g5 10. d3 h6 11. Nc3 d6 12. Qc2 Be6 13. Bd2 Na6 14. a3 d5 15. cxd5 cxd5 16. f4 exf4 17. gxf4 g4 18. Qa4 Rc8 19. Rc1 Nc5 20. Qd1 d4 21. Na4 Bb3 22. Nxc5 Bxd1 23. Kxd1 Qe7 24. Bb4 a5 25. Bd5+ Kh8 26. Ne6 axb4 27. Nxf8 Rxf8 28. a4 Re8 29. Rh2 Qe3 30. Rg2 Qxf4 31. Rc4 Qf1+ 32. Kd2 Bg5+ 33. Kc2 Rxe2+ 34. Rxe2 Qxe2+ 35. Kb3 Qxd3+ 36. Kxb4 Bd2+ 37. Kc5 g3 38. Bxb7 f4 39. a5 Bxa5 40. b4 Bd8 41. Rxd4 Bb6+ 42. Kxb6 Qxd4+ 43. Kc7 Qxb4 0-1


[Site "https://www.chess.com"]

[Event "Titled Tuesday Blitz March 01 Early 2022"]
[White "Chigaev, Maksim"]
[Black "Wong, Yinn Long"]
[WhiteFideId "4108116"]
[BlackFideId "5707684"]
[WhiteElo "2502"]
[BlackElo "2055"]
[Result "0-1"]
[Round "10"]
[TimeControl "180+1"]
[Date "2022.03.01"]
[WhiteClock "0:00:04"]
[BlackClock "0:00:08"]

1. e4 e6 2. d4 d5 3. Nc3 Nf6 4. Bg5 h6 5. Bxf6 Qxf6 6. exd5 Bb4 7. dxe6 Bxe6 8. Nf3 O-O 9. Be2 Bxc3+ 10. bxc3 Nc6 11. O-O Rad8 12. Bd3 b6 13. Nd2 Rfe8 14. Re1 Qg5 15. Ne4 Qa5 16. Qf3 Ne7 17. Ng3 c5 18. dxc5 Qxc5 19. h3 Nd5 20. c4 Ne7 21. Ne4 Qc7 22. Rad1 Ng6 23. Ng3 Nf8 24. Nf5 Ng6 25. Ng3 Nf8 26. Nh5 Ng6 27. Bxg6 fxg6 28. Rxd8 Qxd8 29. Nf4 Bxc4 30. Re4 Bf7 31. Rxe8+ Qxe8 32. a3 Qe1+ 33. Kh2 Qe5 34. g3 Qb2 35. Qd3 Qf6 36. Kg1 g5 37. Nd5 Qa1+ 38. Kg2 Qe5 39. Ne3 Qe7 40. Qd4 Bg6 41. Qd5+ Kh7 42. a4 Be4+ 0-1


[Site "https://www.chess.com"]

[Event "Titled Tuesday Blitz March 01 Early 2022"]
[White "Cori T., Deysi"]
[Black "Odegov, Artem"]
[WhiteFideId "3801934"]
[BlackFideId "34183644"]
[WhiteElo "2350"]
[BlackElo "2277"]
[Result "1-0"]
[Round "10"]
[TimeControl "180+1"]
[Date "2022.03.01"]
[WhiteClock "0:01:48"]
[BlackClock "0:00:50"]

1. d4 c5 2. e3 cxd4 3. exd4 Nf6 4. Nf3 g6 5. Bd3 Bg7 6. O-O O-O 7. c3 d5 8. Nbd2 Nc6 9. Re1 Bg4 10. h3 Bf5 11. Nf1 Bxd3 12. Qxd3 Qd6 13. Ng3 Rac8 14. h4 h5 15. Bg5 Ng4 16. Re2 Rfe8 17. Rae1 e5 18. dxe5 Ncxe5 19. Nxe5 Bxe5 20. Bf4 Re6 21. Bxe5 Nxe5 22. Qd4 Rce8 23. Qxa7 Ng4 24. Rxe6 Rxe6 25. Rxe6 Qxe6 26. Qb8+ Kh7 27. Qf4 f6 28. Nf1 Qe2 29. Qd2 Qc4 30. b3 Qc5 31. Qd4 Qd6 32. f3 Ne5 33. Ne3 Qa6 34. Nxd5 Qe2 35. Nxf6+ Kg7 36. Nd7 Qd1+ 37. Qxd1 1-0


[Site "https://www.chess.com"]

[Event "Titled Tuesday Blitz March 01 Early 2022"]
[White "Costachi, Mihnea"]
[Black "Goryachkina, Aleksandra"]
[WhiteFideId "1217518"]
[BlackFideId "4147103"]
[WhiteElo "2464"]
[BlackElo "2426"]
[Result "1-0"]
[Round "10"]
[TimeControl "180+1"]
[Date "2022.03.01"]
[WhiteClock "0:01:29"]
[BlackClock "0:00:04"]

1. d4 Nf6 2. Bg5 d5 3. e3 Ne4 4. Bf4 c5 5. c3 Nc6 6. Nd2 Bf5 7. Nxe4 Bxe4 8. Nf3 e6 9. Bd3 Bd6 10. Bxd6 Qxd6 11. Bxe4 dxe4 12. Nd2 f5 13. Qb3 cxd4 14. cxd4 O-O 15. O-O b6 16. Rac1 Rac8 17. Nc4 Qd5 18. Nd2 Qxb3 19. Nxb3 Ne7 20. f3 exf3 21. gxf3 Nd5 22. Kf2 Kf7 23. a3 Ke7 24. Nd2 f4 25. e4 Ne3 26. Rg1 g6 27. Ke2 Rfd8 28. Nb3 a5 29. Kd3 a4 30. Nd2 Rc5 31. Nc4 Nxc4 32. Rxc4 Rb5 33. Rb4 Rxb4 34. axb4 e5 35. d5 Rc8 36. b5 Rc5 37. Ra1 Rxb5 38. Rxa4 Rxb2 39. Ra7+ Kd6 40. Rxh7 Rb3+ 41. Ke2 Rb2+ 42. Kd3 Rb3+ 43. Ke2 Rb2+ 44. Ke1 Rb3 45. Kf2 Rb2+ 46. Kf1 Rb3 47. Kg2 Rb2+ 48. Kh3 b5 49. Rg7 b4 50. Rxg6+ Kd7 51. Rb6 b3 52. Kg4 Kc7 53. Rb4 Kd6 54. Kf5 Kc5 55. Rb8 Kc4 56. d6 Rd2 57. Kxe5 b2 58. Ke6 Kc5 59. d7 1-0


[Site "https://www.chess.com"]

[Event "Titled Tuesday Blitz March 01 Early 2022"]
[White "Coto Mederos, Michel"]
[Black "Shubenkova, Veronika"]
[WhiteFideId "3508528"]
[BlackFideId "44124040"]
[WhiteElo "2427"]
[BlackElo "1938"]
[Result "1/2-1/2"]
[Round "10"]
[TimeControl "180+1"]
[Date "2022.03.01"]
[WhiteClock "0:00:02"]
[BlackClock "0:00:12"]

1. d4 d5 2. Nf3 e6 3. Bf4 Bd6 4. Bg3 f5 5. e3 Nf6 6. Nbd2 O-O 7. Bd3 c6 8. c4 Ne4 9. Bxd6 Qxd6 10. Ne5 Nd7 11. Nxd7 Bxd7 12. c5 Qe7 13. O-O e5 14. Nf3 exd4 15. exd4 Rf6 16. Ne5 Nxc5 17. Re1 Nxd3 18. Qxd3 Qd6 19. f4 Raf8 20. Re3 Be8 21. Rae1 c5 22. Qa3 cxd4 23. Qxd6 Rxd6 24. Rd3 Rb6 25. b3 Bc6 26. Rxd4 Ra6 27. Re2 Ra3 28. Rc2 Rf6 29. Kf2 h6 30. g3 Kh7 31. Nd3 Re6 32. Ne5 a5 33. Rdd2 a4 34. bxa4 Rxa4 35. Rb2 Re4 36. Rb3 g5 37. Rf3 gxf4 38. gxf4 d4 39. Rdd3 Bb5 40. Rd2 Ra6 41. Rb2 Ra5 42. Kg3 Be2 43. Rfb3 b5 44. Rc2 Ra7 45. Rc5 Rg7+ 46. Kf2 Bd1 47. Rg3 Rxf4+ 48. Kg2 Be2 49. Rd5 Rxg3+ 50. Kxg3 Re4 51. Rd7+ Kg8 52. Ng6 Rg4+ 53. Kf2 d3 54. Ne5 Rf4+ 55. Kg3 Re4 56. Nc6 Re3+ 57. Kf2 Rf3+ 58. Ke1 Rf1+ 59. Kd2 Rd1+ 60. Ke3 Ra1 61. Nb4 Rb1 62. Nd5 Rb2 63. Nf6+ Kf8 64. Kf4 Rxa2 65. Kxf5 d2 66. Nh7+ Ke8 67. Nf6+ Kf8 68. Nh7+ Ke8 69. Nf6+ Kf8 1/2-1/2


[Site "https://www.chess.com"]

[Event "Titled Tuesday Blitz March 01 Early 2022"]
[White "Csonka, Balazs"]
[Black "Nur-Mukhametova, Alisa"]
[WhiteFideId "742910"]
[BlackFideId "54117739"]
[WhiteElo "2404"]
[BlackElo "2015"]
[Result "1-0"]
[Round "10"]
[TimeControl "180+1"]
[Date "2022.03.01"]
[WhiteClock "0:00:15"]
[BlackClock "0:00:04"]

1. e4 c5 2. Nf3 e6 3. d4 cxd4 4. Nxd4 Nf6 5. Nc3 d6 6. Be3 Nc6 7. f3 a6 8. Qd2 Qc7 9. O-O-O b5 10. Bxb5 axb5 11. Ndxb5 Qb8 12. Nxd6+ Bxd6 13. Qxd6 Qxd6 14. Rxd6 Bb7 15. Rhd1 Ne5 16. b3 O-O 17. Rb6 Rfb8 18. a4 Nfd7 19. Rbd6 Bc8 20. Nb5 f6 21. Rxe6 Kf7 22. Red6 Nf8 23. Nc7 Ra5 24. Bb6 Rxb6 25. Rxb6 Rc5 26. Nb5 Be6 27. Kb2 h5 28. Nd4 Bd7 29. Ra1 g5 30. a5 Rc7 31. a6 Ra7 32. Rb7 Ra8 33. a7 1-0


[Site "https://www.chess.com"]

[Event "Titled Tuesday Blitz March 01 Early 2022"]
[White "Dauner, Benedikt"]
[Black "Kanyamarala, Trisha"]
[WhiteFideId "16225899"]
[BlackFideId "45004722"]
[WhiteElo "2230"]
[BlackElo "2002"]
[Result "1/2-1/2"]
[Round "10"]
[TimeControl "180+1"]
[Date "2022.03.01"]
[WhiteClock "0:00:16"]
[BlackClock "0:02:08"]

1. d4 Nf6 2. Nf3 d5 3. c3 e6 4. e3 c5 5. Bd3 Nc6 6. O-O Bd6 7. Nbd2 O-O 8. Qe2 e5 9. dxe5 Nxe5 10. Nxe5 Bxe5 11. e4 Re8 12. f4 dxe4 13. Nxe4 Nxe4 14. fxe5 Ng5 15. h4 Ne6 16. Bxh7+ Kxh7 17. Qh5+ Kg8 18. Qxf7+ Kh8 19. Qh5+ Kg8 20. Qf7+ Kh8 21. Qh5+ Kg8 22. Qf7+ 1/2-1/2


[Site "https://www.chess.com"]

[Event "Titled Tuesday Blitz March 01 Early 2022"]
[White "Deac, Bogdan-Daniel"]
[Black "Mikhailov, Viacheslav"]
[WhiteFideId "1226380"]
[BlackFideId "4187369"]
[WhiteElo "2646"]
[BlackElo "2381"]
[Result "0-1"]
[Round "10"]
[TimeControl "180+1"]
[Date "2022.03.01"]
[WhiteClock "0:00:04"]
[BlackClock "0:00:04"]

1. d4 Nf6 2. c4 g6 3. Nc3 Bg7 4. Nf3 O-O 5. g3 d6 6. Bg2 Nc6 7. O-O Bf5 8. Ne1 Qd7 9. e4 Bh3 10. Nc2 Bxg2 11. Kxg2 e5 12. d5 Ne7 13. Qe2 Nh5 14. b4 f5 15. f3 h6 16. Bd2 g5 17. exf5 Nxf5 18. Ne4 Rae8 19. Qd3 Nd4 20. Nxd4 exd4 21. Rae1 Be5 22. c5 Rf7 23. cxd6 cxd6 24. Nf2 Bg7 25. Ng4 Nf6 26. Nxf6+ Rxf6 27. Rxe8+ Qxe8 28. Re1 Qf7 29. Qe4 Rf5 30. Rc1 Qxd5 31. Rc8+ Kh7 32. Qxd5 Rxd5 33. Rc7 b5 34. Rxa7 Kg6 35. Kf1 d3 36. Rd7 h5 37. Ke1 Be5 38. Kf2 Bd4+ 39. Kf1 g4 40. f4 Kf5 41. Re7 Bf6 42. Rb7 Ke4 43. Kg2 Rd4 44. Rxb5 Rc4 45. Kf1 Kf3 46. Ke1 Rc2 47. Rf5 Bg7 48. Rd5 Ke4 49. Rxd6 Rxa2 50. b5 Bd4 51. Re6+ Kf3 52. Ra6 Rb2 53. Kd1 Rb1+ 54. Bc1 Be3 55. Rc6 d2 56. Rc2 Rxc1+ 57. Rxc1 dxc1=Q# 0-1


[Site "https://www.chess.com"]

[Event "Titled Tuesday Blitz March 01 Early 2022"]
[White "Derraugh, Geordie"]
[Black "Ooi, Zhi Yang"]
[WhiteFideId "2603950"]
[BlackFideId "5709270"]
[WhiteElo "2116"]
[BlackElo "1802"]
[Result "0-1"]
[Round "10"]
[TimeControl "180+1"]
[Date "2022.03.01"]
[WhiteClock "0:00:03"]
[BlackClock "0:00:47"]

1. e4 c6 2. d4 d5 3. exd5 cxd5 4. c4 Nf6 5. Nc3 Nc6 6. Nf3 e6 7. Be2 Be7 8. O-O O-O 9. Re1 dxc4 10. Bxc4 a6 11. Bf4 b5 12. Bd3 Bb7 13. Ne4 g6 14. Rc1 Nxd4 15. Nxd4 Qxd4 16. Be3 Qd7 17. Nc5 Bxc5 18. Bxc5 Rfd8 19. Be2 Qc6 20. Bf3 Rxd1 21. Rexd1 Nd5 22. Bxd5 exd5 23. Bd4 Qd7 24. Rc3 Rc8 25. Re3 b4 26. h3 a5 27. Rde1 Ba6 28. Re7 Qc6 29. R1e3 Bb5 30. Rf3 Rf8 31. Rf6 Qc4 32. Be5 d4 33. Rd6 d3 34. Kh2 Qxa2 35. Bf6 Bc4 36. Rc7 a4 37. h4 a3 38. bxa3 b3 39. h5 b2 40. hxg6 b1=Q 41. gxh7+ Kxh7 42. Rc5 Qd1 43. Rg5 Be6 44. Rg7+ Kh6 45. Rd4 Qh5+ 46. Kg3 Qg6+ 47. Rxg6+ Kxg6 48. Rf4 d2 49. Bh4 d1=Q 50. Rf6+ 0-1


[Site "https://www.chess.com"]

[Event "Titled Tuesday Blitz March 01 Early 2022"]
[White "Dias, Joao Batista"]
[Black "Osmonbekov, Talaibek"]
[WhiteFideId "2108240"]
[BlackFideId "2017253"]
[WhiteElo "1898"]
[BlackElo "2135"]
[Result "0-1"]
[Round "10"]
[TimeControl "180+1"]
[Date "2022.03.01"]
[WhiteClock "0:02:41"]
[BlackClock "0:02:44"]

1. e4 c5 2. Nf3 d6 3. d4 cxd4 4. Nxd4 Nf6 5. Nc3 g6 6. Be3 Bg7 7. Qd2 Ng4 8. O-O-O Nxe3 9. fxe3 Nc6 10. h4 h5 11. Be2 Qa5 12. Kb1 Bd7 13. Nxc6 bxc6 14. g4 Rb8 15. gxh5 Bxc3 0-1


[Site "https://www.chess.com"]

[Event "Titled Tuesday Blitz March 01 Early 2022"]
[White "Djokic, Mihailo"]
[Black "Durarbayli, Vasif"]
[WhiteFideId "976440"]
[BlackFideId "13402935"]
[WhiteElo "2008"]
[BlackElo "2528"]
[Result "1-0"]
[Round "10"]
[TimeControl "180+1"]
[Date "2022.03.01"]
[WhiteClock "0:01:51"]
[BlackClock "0:00:04"]

1. e4 c5 2. Nf3 e6 3. d4 cxd4 4. Nxd4 Nf6 5. Nc3 d6 6. Be2 Be7 7. O-O O-O 8. f4 Nc6 9. Be3 e5 10. Nxc6 bxc6 11. Kh1 exf4 12. Bxf4 Be6 13. Bd3 Ng4 14. Ne2 Qb6 15. Qe1 Qxb2 16. Qg3 Qb4 17. h3 Nf6 18. Rab1 Qc5 19. Be3 Qa5 20. Bd4 Nh5 21. Qf3 Rab8 22. Bc3 Qg5 23. g4 Rxb1 24. Rxb1 Nf6 25. Rb7 Bd8 26. Rxa7 h5 27. gxh5 Nxh5 28. a4 f5 29. Qxh5 Qxh5 30. Rxg7+ Kh8 31. Rg5+ Kh7 32. Rxh5+ Kg6 33. Nf4+ 1-0


[Site "https://www.chess.com"]

[Event "Titled Tuesday Blitz March 01 Early 2022"]
[White "Dobre, Claudiu-Cristian"]
[Black "Gelman, Alexander"]
[WhiteFideId "1211854"]
[BlackFideId "4118316"]
[WhiteElo "2207"]
[BlackElo "2375"]
[Result "0-1"]
[Round "10"]
[TimeControl "180+1"]
[Date "2022.03.01"]
[WhiteClock "0:01:16"]
[BlackClock "0:01:03"]

1. c4 c5 2. Nf3 Nf6 3. Nc3 d6 4. d4 cxd4 5. Nxd4 a6 6. e4 e6 7. Be3 b6 8. f3 Bb7 9. Qd2 Nbd7 10. a4 Rc8 11. a5 bxa5 12. Nb3 h5 13. Nxa5 Ba8 14. b4 h4 15. b5 Nc5 16. bxa6 Nxa6 17. Nb5 d5 18. Rb1 dxe4 19. Qxd8+ Rxd8 20. f4 Bb4+ 21. Ke2 Bxa5 22. Ra1 Bb4 23. Rxa6 O-O 24. Nc7 Rc8 25. Nxa8 Rxa8 26. Ba7 Rfc8 27. Ke3 Rxa7 28. c5 Bxc5+ 29. Kd2 Rd7+ 0-1


[Site "https://www.chess.com"]

[Event "Titled Tuesday Blitz March 01 Early 2022"]
[White "Dolzhykova, Kateryna"]
[Black "Pinheiro, Iung Alicio de O."]
[WhiteFideId "14113414"]
[BlackFideId "2104350"]
[WhiteElo "2165"]
[BlackElo "2549"]
[Result "1-0"]
[Round "10"]
[TimeControl "180+1"]
[Date "2022.03.01"]
[WhiteClock "0:00:47"]
[BlackClock "0:00:02"]

1. e4 c5 2. Nf3 Nc6 3. Bb5 e6 4. O-O Nge7 5. Re1 Nd4 6. Bf1 Nec6 7. c3 Nxf3+ 8. Qxf3 Be7 9. d3 O-O 10. Be3 f5 11. exf5 Rxf5 12. Qe2 d5 13. Na3 Bd7 14. Nc2 Qc7 15. g3 Raf8 16. d4 Qb6 17. Bh3 R5f6 18. b3 h6 19. Rad1 Bd6 20. f4 Be8 21. Bf2 Bf7 22. Qe3 cxd4 23. Nxd4 Bc5 24. Qd3 Bg6 25. Qd2 Bxd4 26. Bxd4 Nxd4 27. Qxd4 Be4 28. Qxb6 axb6 29. Rd4 g5 30. fxg5 hxg5 31. Rb4 e5 32. c4 Rf2 33. cxd5 Bxd5 34. Rxe5 Rd8 35. Rxg5+ 1-0


[Site "https://www.chess.com"]

[Event "Titled Tuesday Blitz March 01 Early 2022"]
[White "Dziththauly, Ramadhan"]
[Black "Mohammad Fahad, Rahman"]
[WhiteFideId "7105525"]
[BlackFideId "10207791"]
[WhiteElo "2589"]
[BlackElo "2323"]
[Result "1-0"]
[Round "10"]
[TimeControl "180+1"]
[Date "2022.03.01"]
[WhiteClock "0:00:22"]
[BlackClock "0:00:02"]

1. d4 g6 2. c4 Bg7 3. Nc3 d6 4. e4 c5 5. d5 Bxc3+ 6. bxc3 Qa5 7. Bd2 f5 8. f3 Nf6 9. Bd3 Nbd7 10. Qc2 Ne5 11. Ne2 Bd7 12. O-O O-O-O 13. Bf4 Nxd3 14. Qxd3 Nh5 15. Bg5 Rde8 16. Nf4 h6 17. Nxh5 hxg5 18. Ng7 Reg8 19. Ne6 Bxe6 20. dxe6 f4 21. e5 dxe5 22. Rfe1 Rd8 23. Qc2 Rd6 24. Rxe5 Rhd8 25. h3 Rd2 26. Qxg6 Qxc3 27. Rae1 Rd1 28. Qe4 Rxe1+ 29. Qxe1 Qxc4 30. Kh2 b6 31. Rxg5 Rd6 32. Qe5 Qxe6 33. Qxf4 Kb7 34. Re5 Qd7 35. Qe4+ Qc6 36. Rxe7+ Ka6 37. Qh7 c4 38. Rxa7+ Kb5 39. a4+ Kb4 40. Qb1+ Kc5 41. Re7 Rd5 42. Qg1+ Kb4 43. Qb1+ Kc5 44. Re1 Qd6+ 45. Kg1 Qc6 46. Qc2 Kd6 47. Qc3 Qc5+ 48. Kh2 Kc6 49. Re6+ Rd6 50. Re4 Rd5 51. Rxc4 1-0


[Site "https://www.chess.com"]

[Event "Titled Tuesday Blitz March 01 Early 2022"]
[White "Escudero Donoso, Felipe"]
[Black "Desideri, Ricardo Maruchi"]
[WhiteFideId "3410595"]
[BlackFideId "2110440"]
[WhiteElo "2184"]
[BlackElo "1945"]
[Result "0-1"]
[Round "10"]
[TimeControl "180+1"]
[Date "2022.03.01"]
[WhiteClock "0:00:04"]
[BlackClock "0:01:00"]

1. Nf3 c5 2. c4 Nf6 3. Nc3 e6 4. g3 b6 5. Bg2 Bb7 6. Bf1 a6 7. Bg2 Be7 8. O-O O-O 9. d4 cxd4 10. Qxd4 d6 11. b3 Nbd7 12. Rd1 Rc8 13. Bb2 Qc7 14. Rac1 Qb8 15. e4 Qa8 16. Ne1 Nc5 17. f3 d5 18. cxd5 Nxb3 19. Qd3 Nxc1 20. Rxc1 exd5 21. e5 Nd7 22. f4 Nc5 23. Qe2 d4 24. Nd1 Bxg2 25. Nxg2 d3 26. Qd2 Rfd8 27. Nf2 Ne4 28. Nxe4 Qxe4 29. Rxc8 Rxc8 30. Bc3 Bb4 31. Bxb4 Rc2 0-1


[Site "https://www.chess.com"]

[Event "Titled Tuesday Blitz March 01 Early 2022"]
[White "Estrada Nieto, Julian"]
[Black "Rodchenkov, Vitaly"]
[WhiteFideId "5101018"]
[BlackFideId "4152964"]
[WhiteElo "2246"]
[BlackElo "2337"]
[Result "0-1"]
[Round "10"]
[TimeControl "180+1"]
[Date "2022.03.01"]
[WhiteClock "0:00:02"]
[BlackClock "0:00:49"]

1. e4 c5 2. Nf3 d6 3. Bb5+ Nd7 4. d4 Nf6 5. Nc3 cxd4 6. Qxd4 e5 7. Qd3 h6 8. Be3 Be7 9. O-O O-O 10. a4 a6 11. Bc4 Qc7 12. Rfd1 Nc5 13. Bxc5 Qxc5 14. Nd5 Nxd5 15. Qxd5 Qc7 16. Bb3 Be6 17. Qd3 Rac8 18. Rd2 Bc4 19. Bxc4 Qxc4 20. Ne1 f5 21. exf5 Qxd3 22. Nxd3 Rxf5 23. Nb4 Bf8 24. Nd5 Kf7 25. f3 Ke6 26. b3 h5 27. c4 g6 28. a5 Bh6 29. Rd3 Rf7 30. Rad1 Bf8 31. Ra1 Rc5 32. Nc3 Be7 33. Ne4 Rc6 34. Kf2 g5 35. Ke2 g4 36. Rad1 gxf3+ 37. gxf3 Rg7 38. Kf1 h4 39. h3 Rg6 40. R1d2 Kf5 41. Rg2 Rxg2 42. Kxg2 Ke6 43. Rd5 Rc8 44. Kf2 Rg8 45. Rd1 Rg6 46. b4 Kf5 47. Nc3 Bd8 48. Nd5 Rg3 49. Rh1 e4 50. Ne3+ Kf4 0-1


[Site "https://www.chess.com"]